 Dungeon Sprint DCSS version 0.31-a0-1-g4198be8af4 (webtiles) character file.

Game seed: 16032626295781777934

147 sircluck the Covert (level 5, -3/32 HPs)
             Began as a Vampire Brigand on May 2, 2023.
             Was a Believer of Dithmenos.
             Splashed by a jelly's acid (6 damage)
             ... in the Dungeon (Sprint VII: "The Pits").
             The game lasted 00:02:23 (383 turns).

sircluck the Covert (Vampire Brigand)                Turns: 383, Time: 00:02:25

Health: -3/32      AC: -1    Str:  8 (10) XL:     5   Next: 7%
Magic:  5/5        EV: 12    Int: 11 (13) God:    Dithmenos [**....]
Gold:   0          SH:  0    Dex:  8 (18) Spells: 4/4 levels left

rFire   . . .        a - +2 dagger
rCold   + + .        (no shield)
rNeg    + + +        b - +0 robe
rPois   ∞            (no helmet)
rElec   .            c - +0 cloak
rCorr   .            (no gloves)
SInv    +            (no boots)
Will    .....        (no amulet)
Stlth   +++++++++    (no ring)
HPRegen 0.00/turn    (no ring)
MPRegen 0.09/turn

%: no teleportation
@: corroded, bloodless, inhibited regen, wreathed by umbra
A: bloodless, fangs 3, see invisible, vampiric 2
a: Bat Form, Revivify, Renounce Religion, Shadow Step


You were in the Dungeon.
You worshipped Dithmenos.
Dithmenos was pleased with you.
You visited 1 branch

Inventory:

Hand Weapons
 a - a +2 dagger (weapon)
 p - a +2 dagger
Missiles
 d - 9 poisoned darts (quivered)
 e - 3 curare-tipped darts
 o - 10 stones
Armour
 b - a +0 robe (worn)
 c - a +0 cloak (worn)
Scrolls
 k - a scroll of blinking
 m - 5 scrolls of amnesia
 n - a scroll of summoning
Potions
 f - 6 potions of curing
 g - 6 potions of heal wounds
 h - a potion of haste
 i - 4 potions of magic
 j - 2 potions of berserk rage
 l - 2 potions of invisibility


   Skills:
 + Level 3.2 Fighting
 + Level 4.6 Short Blades
 + Level 2.7 Throwing
 + Level 3.0 Dodging
 + Level 13.5 Stealth


You had 4 spell levels left.
You didn't know any spells.
Your spell library was empty.

Dungeon Overview and Level Annotations

Branches:
Dungeon (1/1)

Altars:
Ashenzari
Cheibriados
Dithmenos
Fedhas
Gozag
Hepliaklqana
Kikubaaqudgha
Makhleb
Nemelex Xobeh
Okawaru
Qazlal
Ru
Sif Muna
Trog
Uskayaw
Vehumet
Wu Jian
Xom
Yredelemnul
Jiyva
Lugonu

Annotations:
D Crazy Yiuf


Innate Abilities, Weirdness & Mutations

You do not regenerate when monsters are visible.
You are frail without blood (-20% HP).
You can heal yourself when you bite living creatures.
You are immune to poison.
You have razor-sharp teeth.
You have supernaturally acute eyesight. (SInv)
You are afflicted with vampirism and can become a bat while bloodless.


Message History

The bullfrog closely misses you.
You become bloodless.
You turn into a vampire bat.
Your +2 dagger melds into your body.
Your +0 cloak melds into your body.
Your +0 robe melds into your body.
You feel weakened.
You feel dopey.
You feel clumsy. The bullfrog completely misses you.
Crazy Yiuf laughs, "East bush high!"
The bullfrog completely misses you.
Crazy Yiuf screams, "East pizzabubble pizzabubble!"
There is an open door here.
There is an open door here.
There is an open door here.
The bullfrog misses you. The bullfrog hits you.
There is an open door here.
There is an open door, spattered with blood here.
There is an open door here.
You see here a +1 heavy flail.
You reach down and close the door.
You start resting.
Magic restored.
You start resting.
You hear a slurping noise.
The jelly eats the door!
You see here a +2 long sword of holy wrath.
You feel less batty.
Your +2 dagger unmelds from your body.
Your +0 cloak unmelds from your body.
Your +0 robe unmelds from your body.
The jelly quivers.
You hit the jelly.
Your hands burn!
The jelly is lightly wounded.
The jelly hits you.
You are splashed with acid!
* * * LOW HITPOINT WARNING * * *
You hit the jelly. The acid corrodes you!
Your hands burn!
* * * LOW HITPOINT WARNING * * *
The jelly is moderately wounded.
The bullfrog misses you. The jelly hits you.
* * * LOW HITPOINT WARNING * * *
You are splashed with acid.
You die...

#...z.......'.......
#'#####'#####......#
#.#.†#..#÷.##.......
#.#..+.z'..#####'###
#z##'####'###.......
#.#......).##.......
#.#....z...##.......
#J#####.#####...<...
#.#@Jz)))[.##.......
#K#.F.)))[.##.......
#'###########.......
#g.#.#.## ########
#h......# ##.#.#.##
#...... ##.#.#.#
.......#


You could see a bullfrog, a flying skull and a jelly.

Vanquished Creatures
  A floating eye (D)
  A quasit (D)
  A river rat (D)
  A bat skeleton (D)
  A giant cockroach (D)
  A kobold (D)
  A quokka (D)
  2 ball pythons (D)
  A giant cockroach zombie (D)
10 creatures vanquished.

Notes
Turn   | Place    | Note
-------+----------+-------------------------------------------
     0 | D        | sircluck the Vampire Brigand began the quest for the Orb.
     0 | D        | Reached XP level 1. HP: 16/16 MP: 1/1
    11 | D        | Noticed a floating eye
    16 | D        | Paralysed by a floating eye for 2 turns
    21 | D        | Killed a floating eye
    22 | D        | Reached skill level 12 in Stealth
    22 | D        | Reached XP level 2. HP: 23/23 MP: 2/2
    22 | D        | Gained mutation: You are afflicted with vampirism and can
                  | become a bat while bloodless. [Vampire growth]
    22 | D        | Reached XP level 3. HP: 28/28 MP: 3/3
    22 | D        | Reached XP level 4. HP: 34/34 MP: 4/4
    52 | D        | Found a bloodstained altar of Trog.
    52 | D        | Found a shimmering blue altar of Sif Muna.
    52 | D        | Found a viscous altar of Jiyva.
    52 | D        | Found a hazy altar of Hepliaklqana.
    52 | D        | Found an opulent altar of Gozag.
    53 | D        | Found a basalt altar of Yredelemnul.
    53 | D        | Found a shimmering altar of Xom.
    53 | D        | Found an ornate altar of the Wu Jian Council.
    53 | D        | Found a sacrificial altar of Ru.
    53 | D        | Found a stormy altar of Qazlal.
    53 | D        | Found an iron altar of Okawaru.
    53 | D        | Found a sparkling altar of Nemelex Xobeh.
    53 | D        | Found a burning altar of Makhleb.
    53 | D        | Found a blossoming altar of Fedhas.
    53 | D        | Found a shadowy altar of Dithmenos.
    53 | D        | Found a snail-covered altar of Cheibriados.
    55 | D        | Found a radiant altar of Vehumet.
    55 | D        | Found a corrupted altar of Lugonu.
    56 | D        | Found a hide-covered altar of Uskayaw.
    56 | D        | Found an ancient bone altar of Kikubaaqudgha.
    56 | D        | Found a broken altar of Ashenzari.
    69 | D        | Became a worshipper of Dithmenos the Shadowed
    90 | D        | Reached skill level 13 in Stealth
    90 | D        | Reached * piety under Dithmenos
   137 | D        | Reached ** piety under Dithmenos
   149 | D        | HP: 1/52 [quasit (2)]
   153 | D        | Reached XP level 5. HP: 1/41 MP: 5/5
   304 | D        | Noticed Crazy Yiuf
   307 | D        | Noticed a black bear
   309 | D        | Noticed a flying skull
   383 | D        | Splashed by a jelly's acid

Illustrated notes

Levels and vault maps discovered:
D:        pitsprint [storerooms_1, entrance_room_1, metal_vault_5, armoury_3,
          mini_pit_1, grid_room_1, main_hall_1, silver_pit, the_coven_2,
          the_vestibule_1, steel_vault_2, golden_pit, hallway_of_sentries,
          crystal_vault_4, iron_vault_2, final_vault]

Skill      XL: |  1  2  3  4  5 |
---------------+----------------+-----
Fighting       | 2 3 |  3.2
Short Blades   | 3 4 |  4.6
Throwing       | 2 |  2.7
Stealth        | 12 13 | 13.5
Dodging        | 2 3 |  3.0

Action                     |  1- 3 |  4- 6 || total
---------------------------+-------+-------++-------
  Melee: Dagger            |     7 |    66 ||    73
         Bite              |       |     4 ||     4
Ability: End Transformatio |       |     1 ||     1
         Bat Form          |       |     1 ||     1
         Exsanguinate      |       |     1 ||     1
    Use: Potion            |       |     1 ||     1
   Stab: Sleeping          |       |     5 ||     5
 Armour: Robe              |       |    59 ||    59
  Dodge: Dodged            |       |   118 ||   118

Table legend: (Time is in decaauts)
 A = Elapsed time spent in this place.
 B = Non-inter-level travel time spent in this place.
 C = Inter-level travel time spent in this place.
 D = Time resting spent in this place.
 E = Time spent auto-exploring this place.
 F = Levels seen in this place.
 G = Mean time per level.
                   A        B        C        D        E       F      G
               +--------+--------+--------+--------+--------+-----+--------+
         Total |    366 |    355 |     11 |    135 |     23 |   1 |  366.0 |
       Dungeon |    366 |    355 |     11 |    135 |     23 |   1 |  366.0 |
               +--------+--------+--------+--------+--------+-----+--------+

Top non-repeatable levels by time:
       D: 366 daAuts
